 Dungeon Crawl Stone Soup version 0.27-a0-1219-g958d993ae5 (webtiles) character file.

Game seed: 5623353157365792625

1570 polve the Schismatic (level 8, -1/64 HPs)
             Began as a Demonspawn Abyssal Knight on June 6, 2021.
             Was an Elder of Lugonu.
             Killed by nerve-wracking pain
             ... invoked by Menkaure
              (4 damage)
             ... on level 7 of the Dungeon.
             The game lasted 00:08:26 (9868 turns).

polve the Schismatic (Demonspawn Abyssal Knight)    Turns: 9868, Time: 00:08:27

Health: -1/64      AC: 14    Str: 14 (15) XL:     8   Next: 59%
Magic:  0/14       EV:  7    Int: 13 (14) God:    Lugonu [****..]
Gold:   371        SH:  0    Dex: 16 (18) Spells: 7/7 levels left

rFire    . . .     SeeInvis .   b - +0 short sword (venom)
rCold    . . .     Faith    .   (no shield)
rNeg     . . .     Spirit   +   p - +0 chain mail
rPois    .         Reflect  .   z - +2 helmet
rElec    .         Harm     .   (no cloak)
rCorr    .         Rampage  .   (no gloves)
Will     .....                  (no boots)
Stlth    ..........             h - amulet of guardian spirit
HPRegen  0.20/turn              m - +6 ring of dexterity
MPRegen  0.14/turn              (no ring)

@: brilliant, flying, very slightly contaminated
A: slimy green scales 1, ignite blood 1, powered by death 1
a: Renounce Religion, Depart the Abyss, Bend Space, Banish, Corrupt


You were on level 7 of the Dungeon.
You worshipped Lugonu.
Lugonu was greatly pleased with you.
You visited 1 branch of the dungeon, and saw 7 of its levels.
You visited the Abyss 1 time.

You collected 371 gold pieces.

Inventory:

Hand Weapons
 a - a +1 short sword
 b - a +0 short sword of venom (weapon)
Missiles
 l - 8 curare-tipped darts
Armour
 p - a +0 chain mail (worn)
 z - a +2 helmet (worn)
Jewellery
 h - an amulet of guardian spirit (around neck)
 m - a +6 ring of dexterity (left hand)
Wands
 x - a wand of mindburst (8)
 y - a wand of flame (14)
Scrolls
 c - a scroll of magic mapping {unknown}
 d - 4 scrolls of identify {unknown}
 e - a scroll of brand weapon {unknown}
 k - a scroll of noise {unknown}
 o - a scroll of teleportation {unknown}
 r - a scroll of blinking {unknown}
 s - a scroll of acquirement {unknown}
 t - a scroll of enchant armour {unknown}
 u - 2 scrolls of fog {unknown}
 w - 2 scrolls of amnesia {unknown}
Potions
 f - a potion of ambrosia
 g - 2 potions of curing
 i - a potion of brilliance
 j - 2 potions of invisibility


   Skills:
 - Level 6.0 Fighting
 - Level 4.0 Short Blades
 - Level 4.0 Armour
 - Level 4.0 Dodging
 + Level 8.6 Invocations


You had 7 spell levels left.
You didn't know any spells.
Your spell library contained the following spells:

 Spells                   Type           Power      Damage    Failure   Level
 Magic Dart               Conj           0%         1d3       100%        1
 Blink                    Tloc           N/A        N/A       100%        2
 Call Imp                 Summ           0%         N/A       100%        2
 Slow                     Hex            0%         N/A       100%        2
 Conjure Flame            Conj/Fire      0%         6-21      100%        3
 Mephitic Cloud           Conj/Pois/Air  0%         N/A       100%        3


Dungeon Overview and Level Annotations

Branches:
Dungeon (7/15)             Temple (0/1) D:5

Altars:
Xom

Shops:
D:1 *

Annotations:
D:6 2 transporters, p0werm0de's ghost, novice GrFi
D:7 Menkaure


Innate Abilities, Weirdness & Mutations

You are partially covered in slimy green scales. (AC +2)
Your demonic aura sometimes causes spilled blood to erupt in flames.
You regenerate a little health from kills.


Message History

Menkaure gestures wildly while chanting.
Menkaure seems to speed up.
Menkaure points at you and mumbles some strange words.
Pain shoots through your body!
Things that are here:
+0 steam dragon scales; a steam dragon corpse Menkaure hits you but does no damage.
Menkaure hits you.
You see here 16 gold pieces.
Menkaure calls on the powers of darkness!
Your body is wracked with pain!
* * * LOW HITPOINT WARNING * * *
Menkaure casts a spell at you.
You struggle to resist.
Menkaure points at you and mumbles some strange words.
You struggle to resist.
You flicker for a moment.
The white imp shouts!
The white imp shouts!
The white imp gestures at you. The puff of frost hits you.
* * * LOW HITPOINT WARNING * * *
You flicker back into view.
The white imp gestures at you. The puff of frost hits you.
* * * LOW HITPOINT WARNING * * *
Menkaure murmurs, "It doesn't hurt if you pull your brain out of your nose yourself."
Menkaure hits you!
* * * LOW HITPOINT WARNING * * *
Things that are here:
a +0 whip of electrocution; a kobold skeleton A white imp comes into view.
The white imp shouts, "Escape, thou horrid clay-brained wagtail!"
The white imp hits you but does no damage.
The white imp gestures at you. The puff of frost hits you.
* * * LOW HITPOINT WARNING * * *
Menkaure casts a spell at you. Pain shoots through your body!
You die...

...#..........# #.......
..............####.......
......................... ..
##......5............... #..#
###..................# #...
#..........#...#..## #...
#.........###..#.Z### #.##
##.5......###K.5..<.##
#..####.M.@...........K....
####...##..)##....#...........
#.......W..###...##...........
####..........##.....##..........
/..#.........####...###.#........
..##...........##.......#........
#.#.....................#......##
..#................#......#..##..
..##..............##............)


You could see a phantom, Menkaure (fast) and 2 white imps.

Vanquished Creatures
  A wyvern (D:6)
  A steam dragon (D:7)
  An ice beast (D:6)
  A black bear (D:4)
  A necrophage (D:7)
  2 phantoms
  A centaur (D:4)
  A scorpion (D:6)
  A water moccasin zombie (D:6)
  3 jellies
  A hound (D:5)
  2 centaur zombies
  An orc priest (D:3)
  A bullfrog skeleton (D:6)
  2 centaur skeletons
  3 iguanas
  3 orc wizards
  A killer bee zombie (D:3)
  3 gnolls (D:4)
  A howler monkey skeleton (D:5)
  3 adders
  A white imp (D:6)
  An adder skeleton (D:4)
  3 worms (D:2)
  7 dart slugs
  12 orcs
  13 ball pythons
  10 bats
  8 endoplasms
  5 giant cockroaches
  9 goblins
  8 hobgoblins
  4 jackals
  7 kobolds
  9 quokkas
  7 frilled lizards
  A quokka skeleton (D:4)
  6 rats
145 creatures vanquished.

Vanquished Creatures (others)
  An orc wizard (D:4)
  A dart slug (D:4)
  6 plants (D:6)
8 creatures vanquished.

Grand Total: 153 creatures vanquished

Notes
Turn   | Place    | Note
-------+----------+-------------------------------------------
     0 | Abyss:1  | polve the Demonspawn Abyssal Knight began the quest for the
                  | Orb.
     0 | Abyss:1  | Reached XP level 1. HP: 18/18 MP: 2/2
    69 | Abyss:1  | Noticed an Executioner
    81 | Abyss:1  | Noticed a rakshasa
    85 | Abyss:1  | Noticed a fire bat
    85 | Abyss:1  | Noticed a fire bat
    85 | Abyss:1  | Noticed a fire bat
    85 | Abyss:1  | Noticed a fire bat
    86 | D:1      | Escaped the Abyss
   210 | D:1      | Found a faded altar of an unknown god.
   221 | D:1      | Gained mutation: Your demonic aura sometimes causes spilled
                  | blood to erupt in flames. [demonic ancestry]
   221 | D:1      | Reached XP level 2. HP: 14/24 MP: 3/3
   234 | D:1      | Reached * piety under Lugonu
   920 | D:1      | Found Diraos Etre's General Store.
   924 | D:1      | Gained mutation: You regenerate a little health from kills.
                  | [demonic ancestry]
   924 | D:1      | Reached XP level 3. HP: 29/29 MP: 4/4
  2004 | D:2      | Reached ** piety under Lugonu
  2012 | D:2      | Reached XP level 4. HP: 35/35 MP: 5/5
  3549 | D:2      | Reached XP level 5. HP: 39/42 MP: 6/6
  4183 | D:4      | Reached *** piety under Lugonu
  4184 | D:4      | Reached skill level 5 in Fighting
  4489 | D:4      | Noticed a centaur
  4796 | D:4      | Killed a centaur
  4797 | D:4      | Reached XP level 6. HP: 24/52 MP: 4/7
  5054 | D:4      | Reached skill level 1 in Dodging
  6048 | D:5      | Entered Level 5 of the Dungeon
  6877 | D:4      | Gained mutation: You are partially covered in slimy green
                  | scales. (AC +2) [demonic ancestry]
  6877 | D:4      | Reached XP level 7. HP: 32/50 MP: 5/8
  7050 | D:5      | Found a staircase to the Ecumenical Temple.
  7793 | D:5      | Found a shimmering altar of Xom.
  8323 | D:6      | Reached skill level 3 in Invocations
  8590 | D:6      | Reached skill level 4 in Invocations
  8590 | D:6      | Reached XP level 8. HP: 18/64 MP: 2/11
  8893 | D:6      | Reached **** piety under Lugonu
  8955 | D:6      | Reached skill level 5 in Invocations
  9037 | D:6      | Found a transporter.
  9066 | D:6      | Noticed p0werm0de's ghost (novice GrFi)
  9085 | D:6      | Found a transporter.
  9137 | D:6      | Reached skill level 6 in Invocations
  9421 | D:7      | Reached skill level 7 in Invocations
  9839 | D:7      | Noticed Menkaure
  9844 | D:7      | Reached skill level 8 in Invocations
  9868 | D:7      | HP: 3/64 [white imp/puff of frost (3)]
  9868 | D:7      | Killed from afar by Menkaure

Illustrated notes

Levels and vault maps discovered:
D:1:      tarquinn_simple_flora_water_a, layout_loops_ring,
          shapermc_ecumenical_altar_mp_highgroup, serial_shops, shop,
          chequers_garden, minmay_cut_off
D:2:      layout_loops_corners, minmay_joined_circles
D:3:      layout_rooms, minmay_unequal
D:4:      layout_gridville, gup_sewer_entry_bubbles
D:5:      layout_loops_ring, dk_xom_monty_hall, temple_fountains
D:6:      layout_rooms, gammafunk_ghost_gnarly_gnolls
D:7:      layout_cave_pools, uniq_menkaure

Skill      XL: |  1  2  3  4  5  6  7  8 |
---------------+-------------------------+-----
Short Blades   | 2 3 4 |  4.0
Fighting       | 4 5 6 |  6.0
Armour         | 3 4 |  4.0
Dodging        | 2 4 |  4.0
Invocations    | 4 8 |  8.6

Action                   |  1- 3 |  4- 6 |  7- 9 || total
-------------------------+-------+-------+-------++-------
Melee: Short sword       |   173 |   255 |   286 ||   714
       Dagger            |       |    91 |     4 ||    95
Invok: Depart the Abyss  |     1 |       |       ||     1
       Bend Space        |       |       |     1 ||     1
  Use: Potion            |       |     1 |     6 ||     7
 Stab: Sleeping          |       |     1 |       ||     1
Armor: Leather armour    |    41 |    46 |       ||    87
       Chain mail        |       |   131 |   229 ||   360
Dodge: Dodged            |    72 |   120 |   129 ||   321

Table legend: (Time is in decaauts)
 A = Elapsed time spent in this place.
 B = Non-inter-level travel time spent in this place.
 C = Inter-level travel time spent in this place.
 D = Time resting spent in this place.
 E = Time spent auto-exploring this place.
 F = Levels seen in this place.
 G = Mean time per level.
                   A        B        C        D        E       F      G
               +--------+--------+--------+--------+--------+-----+--------+
         Total |   9818 |   9506 |    312 |      0 |   7947 |   8 | 1227.2 |
       Dungeon |   9732 |   9420 |    312 |      0 |   7878 |   7 | 1390.3 |
         Abyss |     86 |     86 |      0 |      0 |     69 |   1 |   86.0 |
               +--------+--------+--------+--------+--------+-----+--------+

Top non-repeatable levels by time:
     D:4: 2344 daAuts
     D:2: 1985 daAuts
     D:6: 1679 daAuts
     D:5: 1259 daAuts
     D:1: 1156 daAuts
     D:3: 1068 daAuts
     D:7: 239 daAuts
 Abyss:1: 86 daAuts
